 Dungeon Crawl Stone Soup version 0.31.0-4-g52a2dc7128 (webtiles) character file.

Game seed: 7221893554193895780

133138 Esekla the Reanimator (level 16, -4/122 HPs)
             Began as a Demonspawn Warper on Jan 22, 2024.
             Was the Champion of Lugonu.
             Slain by an alligator (15 damage)
             ... while paralysed by a fenstrider witch
             ... on level 4 of the Swamp.
             The game lasted 03:34:57 (31788 turns).

Esekla the Reanimator (Demonspawn Warper)          Turns: 31788, Time: 03:34:58

Health: -4/122     AC: 26    Str:  9    XL:     16   Next: 59%
Magic:  31/31      EV:  2    Int: 28    God:    Lugonu [******]
Gold:   2604       SH:  0    Dex: 16    Spells: 7/38 levels left

rFire   + + .        s - +8 pair of quick blades "Gyre" and "Gimble" {protect}
rCold   + . .        (shield currently unavailable)
rNeg    + + .        E - +3 troll leather armour {Snorg}
rPois   +            e - +1 hat of Vugrer {rPois rF+ rN++ Str-2}
rElec   .            Y - +2 cloak {rCorr}
rCorr   +            V - +2 pair of gloves {Dex+3}
SInv    .            p - +0 pair of boots
Will    +....        j - amulet "Ozemaf" {RegenMP ^Fragile rF+ Stlth+}
Stlth   +++          X - ring "Tuzeluik" {^Drain AC+4 Int+4}
HPRegen 1.20/turn    b - +4 ring of protection
MPRegen 0.62/turn

%: no passive effects
@: paralysed, mighty, lethally poisoned (-4 -> -5), very slow
A: claws 1, yellow scales 2, powered by pain 3, demonic magic 2, horns 1, clever
1, cold resistance 1
a: Renounce Religion, Depart the Abyss, Banish, Corrupt, Enter the Abyss, Brand
Weapon With Distortion


You were on level 4 of the Swamp.
You worshipped Lugonu.
Lugonu was exalted by your worship.
You visited 4 branches of the dungeon, and saw 26 of its levels.
You also visited: Sewer, Ossuary, Bailey and Gauntlet.

You collected 4119 gold pieces.
You spent 1515 gold pieces at shops.

Inventory:

Hand Weapons
 a - a +3 vampiric great sword
 f - a +3 great sword of flaming
 r - a +3 trident of draining
 s - the +8 pair of quick blades "Gyre" and "Gimble" (weapon) {protect}
   (You found it in a Gauntlet)
 v - a +4 dagger of venom
Missiles
 n - 9 silver javelins
 q - 34 poisoned darts
 M - 26 boomerangs (quivered)
 T - 5 curare-tipped darts
Armour
 e - the +1 hat of Vugrer (worn) {rPois rF+ rN++ Str-2}
   (You found it on level 3 of the Dungeon)

   Str-2:     It affects your strength (-2).
   rF+:       It protects you from fire.
   rPois:     It protects you from poison rN++: It greatly protects you from
   negative energy.
 p - a +0 pair of boots (worn)
 E - a +3 troll leather armour (worn) {Snorg}
 P - a scarf of repulsion
 V - a +2 pair of gloves of dexterity (worn)
 W - the +0 cloak of Kiata {Rampage rC+ Str+4}
   (You found it on level 5 of the Lair of Beasts)

   Str+4:     It affects your strength (+4).
   rC+:       It protects you from cold.
   Rampage:   It bestows one free step when moving towards enemies.
 Y - a +2 cloak of preservation (worn)
Jewellery
 b - a +4 ring of protection (right hand)
 h - an amulet of reflection
 j - the amulet "Ozemaf" (around neck) {RegenMP ^Fragile rF+ Stlth+}
   (You found it in a Gauntlet)

   [amulet of magic regeneration]

   RegenMP:   It increases your rate of magic regeneration.
   rF+:       It protects you from fire.
   ^Fragile:  It will be destroyed if unequipped.
   Stlth+:    It makes you more stealthy.
 l - the ring "Giplyl" {rC+ Int+2 Dex+3}
   (You found it in a Gauntlet)

   [ring of protection from cold]

   Int+2:     It affects your intelligence (+2).
   Dex+3:     It affects your dexterity (+3).
   rC+:       It protects you from cold.
 u - the amulet of Jextaum {rElec rC+ Regen+}
   (You found it in a Gauntlet)

   [amulet of regeneration]

   rC+:       It protects you from cold.
   rElec:     It insulates you from electricity.
   Regen+:    It increases your rate of health regeneration.
 I - a ring of see invisible
 X - the ring "Tuzeluik" (left hand) {^Drain AC+4 Int+4}
   (You found it in a Gauntlet)

   [ring of protection]

   AC+4:      It affects your AC (+4).
   Int+4:     It affects your intelligence (+4).
   ^Drain:    It drains your maximum health when unequipped.
Wands
 i - a wand of flame (71)
 w - a wand of roots (16)
 O - a wand of mindburst (24)
 Q - a wand of paralysis (26)
 R - a wand of light (9)
 U - a wand of digging (3)
Scrolls
 c - 5 scrolls of blinking
 m - 8 scrolls of fog
 o - 4 scrolls of teleportation
 A - 2 scrolls of amnesia
 B - 7 scrolls of enchant armour
 G - 4 scrolls of poison
 J - 2 scrolls of silence
 K - 4 scrolls of fear
 S - 6 scrolls of identify
Potions
 d - 4 potions of cancellation
 g - 5 potions of mutation
 k - 3 potions of might
 t - 4 potions of resistance
 x - a potion of ambrosia {unknown}
 y - a potion of invisibility
 z - 5 potions of lignification
 C - 2 potions of haste
 D - 4 potions of magic
 F - 6 potions of attraction
 H - 9 potions of curing
 L - 4 potions of enlightenment
 N - 4 potions of brilliance
 Z - 6 potions of heal wounds


   Skills:
 * Level 10.0 Fighting
 + Level 8.0(8.7) Short Blades
 + Level 4.9(7.1) Long Blades
 + Level 2.2 Throwing
 + Level 5.2 Armour
 + Level 6.0 Dodging
 + Level 9.6 Stealth
 * Level 11.8 Spellcasting
 * Level 6.8 Conjurations
 * Level 12.6 Necromancy
 + Level 3.5 Translocations
 * Level 8.1 Ice Magic
 * Level 7.8 Air Magic
 + Level 7.2 Alchemy
 + Level 10.0 Invocations
 + Level 0.4 Evocations


You had 7 spell levels left.
You knew the following spells:

 Your Spells              Type           Power      Damage    Failure   Level
b - Blink                 Tloc           72%        N/A       1%          2
c - Mephitic Cloud        Conj/Alch/Air  55%        N/A       1%          3
d - Vampiric Draining     Necr           72%        2d11      1%          3
h - Vhi's Electric Charg  Tloc/Air       96%        N/A       4%          4
i - Irradiate             Conj/Alch      27%        3d20      7%          5
u - Dispel Undead         Necr           72%        3d24      1%          4
v - Mercury Vapours       Alch/Air       100%       N/A       1%          2
w - Fugue of the Fallen   Necr           72%        N/A       1%          3
z - Freezing Cloud        Conj/Ice/Air   28%        6-21      5%          5

Your spell library contained the following spells:

 Spells                   Type           Power      Damage    Failure   Level
 Kiss of Death            Conj/Necr      100%       2d13      1%          1
 Necrotise                Necr           100%       1d9       1%          1
 Cigotuvi's Dreadful Rot  Necr/Alch/Air  100%       N/A       1%          2
 Lesser Beckoning         Tloc           72%        N/A       1%          2
 Sublimation of Blood     Necr           72%        N/A       1%          2
 Animate Dead             Necr           72%        N/A       1%          4
 Curse of Agony           Necr           72%        N/A       1%          5
 Gell's Gravitas          Tloc           36%        N/A       3%          3
 Stone Arrow              Conj/Erth      70%        3d11      3%          3
 Teleport Other           Tloc           36%        N/A       3%          3
 Martyr's Knell           Necr/Summ      51%        N/A       3%          4
 Death Channel            Necr           36%        N/A       3%          6
 Sandblast                Erth           32%        2d9       4%          1
 Slow                     Hex            64%        N/A       4%          1
 Summon Small Mammal      Summ           64%        N/A       4%          1
 Jinxbite                 Hex            32%        N/A       7%          2
 Borgnjor's Vile Clutch   Necr/Erth      25%        N/A       9%          5
 Petrify                  Alch/Erth      37%        N/A       10%         4
 Brom's Barrelling Bould  Conj/Erth      35%        2d5       11%         4
 Manifold Assault         Tloc           36%        N/A       11%         4
 Call Canine Familiar     Summ           16%        N/A       13%         3
 Confusing Touch          Hex            16%        N/A       13%         3
 Passwall                 Erth           16%        N/A       13%         3
 Sigil of Binding         Hex            16%        N/A       13%         3
 Yara's Violent Unravell  Hex/Alch       18%        3d9       26%         5
 Summon Blazeheart Golem  Fire/Summ      16%        N/A       41%         4
 Enfeeble                 Hex            8%         N/A       100%        7
 Death's Door             Necr           36%        N/A       100%        9


Dungeon Overview and Level Annotations

Branches:
Dungeon (15/15)            Temple (0/1) D:6            Lair (5/5) D:8
  Swamp (4/4) Lair:3        Snake (0/4) Lair:3        Slime (0/5) Lair:5
    Orc (2/2) D:11            Elf (0/3) Orc:2        Vaults (0/5) D:14
 Depths (0/4) D:15          Sewer (visited)         Ossuary (visited)
 Bailey (visited)         Gauntlet (visited)

Altars:
Ashenzari
Dithmenos
Fedhas
Makhleb
Nemelex Xobeh
Okawaru
Qazlal
Ru
Sif Muna
Trog
Uskayaw
Vehumet
Wu Jian
Yredelemnul
Lugonu

Shops:
D:4 !   D:14 *(   D:15 [   Orc:2 =??=*[?

Portals:
Pandemonium: Orc:2

Annotations:
D:6 2 transporters, Nick1's ghost, novice FoFi
D:9 2 transporters, Akhenaten's ghost, novice DgFE
D:11 3 runed translucent doors, TheBioAlchemist's ghost, journeyman OpSh
D:12 exclusions: obsidian statue and orange crystal statue
Lair:1 1 runed translucent door, Jingleheimer's ghost, journeyman OpSh
Lair:3 2 transporters, exclusion: ice statue, Fuxod's ghost, journeyman GnWn


Innate Abilities, Weirdness & Mutations

You have sharp fingernails.
You are mostly covered in yellow scales. (AC +3)
You are powered by pain.
Spells you cast may paralyse nearby enemies.
You have a pair of small horns on your head.
Your mind is acute. (Int +4, Str/Dex -1)
Your flesh is cold resistant. (rC+)


Message History

The harpoon shot hits you.
You are yanked forward by the harpoon shot.
Splash!
The swamp worm fires a harpoon shot at you.
The harpoon shot hits you.
You are yanked forward by the harpoon shot.
Splash!
You feel very sick.
The swamp worm bites you but does no damage.
You feel very sick.
The swamp worm bites you but does no damage.
The alligator tail-slaps you but does no damage.
The alligator bites you but does no damage.
The swamp worm bites you but does no damage.
The fenstrider witch hits you but does no damage.
The fenstrider witch kicks you! The swamp worm completely misses you.
You feel very sick.
The alligator tail-slaps you but does no damage.
The alligator bites you. The alligator drags you backwards!
Splash!
The swamp worm bites you!
* * * LOW HITPOINT WARNING * * *
You focus on the pain.
You feel very mighty all of a sudden.
The fenstrider witch hits you but does no damage.
The fenstrider witch kicks you but does no damage.
The swamp worm fires a harpoon shot at you.
The harpoon shot hits you!
* * * LOW HITPOINT WARNING * * *
You are yanked forward by the harpoon shot.
Splash!
You feel sick. The swamp worm bites you.
* * * LOW HITPOINT WARNING * * *
The fenstrider witch points at you and mumbles some strange words.
Your body is wracked with pain!
* * * LOW HITPOINT WARNING * * *
The swamp worm bites you but does no damage.
The alligator tail-slaps you but does no damage.
The alligator bites you!
You die...

..§~ ..~~♣♣♣♣♣♣
~.~~~~~..♣
~.~.~~~~~♣
..~♣.~~~.♣
.~.......~♣
~~..~~~.~.♣♣
~~~~~~§.w~~♣♣
~~§~~~~.H@~.♣ ~~~
~~~..~§~~lw/♣~.~.
~~~~...~~......~~
.~~§~~~.~~~♣...~~
♣~.~~..<..♣♣♣~~.~
♣♣♣♣♣♣♣♣♣♣♣ ♣♣♣§


You could see a fenstrider witch, an alligator and 2 swamp worms.

Vanquished Creatures
  Jorgrun (Swamp:2)
  Mlioglotl (Swamp:2)
  A sphinx (D:15)
  A thorn hunter (Swamp:1)
  2 fenstrider witches
  An orc warlord (Orc:2)
  A reaper (Gauntlet)
  2 eleionomae (Swamp:2)
  A minotaur (Gauntlet)
  A bunyip (Swamp:1)
  Snorg (D:10)
  2 ettins
  A green death (Gauntlet)
  A shambling mangrove (Swamp:3)
  14 hydras
  2 ghost crabs
  6 vault guards
  2 ogre magi
  A catoblepas (Lair:5)
  4 two-headed ogres
  5 alligators
  4 boulder beetles
  3 demonspawn (Orc:2)
  4 centaur warriors
  12 death yaks
  3 tengu warriors (D:15)
  Urug (D:13)
  A deep troll shaman (Lair:5)
  An occultist (Gauntlet)
  5 orc high priests (Orc:2)
  2 spriggan berserkers (Swamp:2)
  A deep elf knight (D:14)
  A soul eater (Orc:2)
  Sonja (D:13)
  2 skysharks (Lair:5)
  Lodul (D:12)
  A goliath frog (Swamp:2)
  4 spriggan druids
  2 arcanists
  A lindwurm (Lair:5)
  A deep troll (D:15)
  3 bog bodies
  An obsidian statue (Gauntlet)
  6 orc knights
  A deep elf pyromancer (D:12)
  A necromancer (D:15)
  A manticore (D:14)
  14 ugly things
  6 cyclopes
  A worldbinder (Gauntlet)
  2 will-o-the-wisps (Swamp:3)
  8 orc sorcerers (Orc:2)
  9 elephants
  6 black mambas
  A torpor snail (Lair:5)
  2 gargoyles
  A kobold blastminer (Orc:2)
  2 orange demons
  Maggie (D:6)
  Jeremiah (D:6)
  3 cane toads
  12 komodo dragons
  2 kobold demonologists (D:10)
  2 unseen horrors
  A yaktaur (D:14)
  An efreet (D:13)
  2 rime drakes
  A queen bee (D:8)
  9 trolls
  5 polar bears
  A hellwing (Gauntlet)
  Prince Ribbit (Bailey)
  18 blink frogs
  11 tyrant leeches
  12 hornets
  A dream sheep (Lair:5)
  6 slime creatures (D:15)
  A water elemental (D:14)
  A vampire (D:14)
  9 spriggans
  A wraith (D:11)
  Sigmund (D:4)
  4 shadows (Gauntlet)
  A ynoxinul (Orc:2)
  17 yaks
  4 wyverns
  2 wargs (Orc:2)
  2 steam dragons
  6 humans
  4 vampire mosquitoes (D:14)
  2 basilisks
  3 chaos spawn
  A neqoxec (Gauntlet)
  Menkaure (D:5)
  11 swamp worms
  A two-headed ogre zombie (D:11)
  23 water moccasins
  2 sky beasts (D:6)
  Duvessa (D:5)
  43 orc warriors
  An ice beast (D:8)
  3 laughing skulls
  12 ogres
  3 black bears
  13 wolves
  A boggart (Gauntlet)
  3 centaurs
  3 phantoms (D:11)
  3 kobold brigands
  Blork the orc (D:5)
  2 weeping skulls
  A scorpion (Lair:1)
  19 bullfrogs
  8 wights
  A jelly (D:8)
  Dowan (D:5)
  23 killer bees
  A troll zombie (D:11)
  4 howler monkeys
  3 bombardier beetles
  4 hounds
  A gnoll bouda (Lair:4)
  26 orc priests
  2 sleepcaps
  Jessica (D:2)
  2 iguanas
  Natasha (thrice) (D:2 D:1)
  21 orc wizards
  6 ogre zombies (D:11)
  3 mummies (Ossuary)
  11 adders
  2 river rats (Sewer)
  4 shadow imps
  2 white imps (Gauntlet)
  2 ufetubi
  4 ribbon worms
  5 dart slugs
  79 orcs
  8 endoplasms
  3 giant cockroaches
  12 goblins
  8 hobgoblins
  6 quokkas
  11 ball pythons
  4 bats
  6 frilled lizards
  5 gnoll skeletons
  6 gnoll zombies
  6 goblin skeletons (Ossuary)
  7 goblin zombies (Ossuary)
  4 hobgoblin skeletons (Ossuary)
  4 hobgoblin zombies (Ossuary)
  26 kobolds
  4 kobold skeletons (Ossuary)
  2 kobold zombies (Ossuary)
  9 orc skeletons
  21 orc zombies
  28 rats
  3 rat skeletons (Ossuary)
  4 rat zombies (Ossuary)
869 creatures vanquished.

Vanquished Creatures (collateral kills)
  3 yaks (Lair:5)
3 creatures vanquished.

Vanquished Creatures (others)
  A ghost crab (Swamp:3)
  A hydra (Swamp:3)
  A wretched star (Gauntlet)
  A spriggan druid (Swamp:2)
  3 bloated husks
  A spriggan (Swamp:2)
  A neqoxec (Gauntlet)
  35 foxfires (Swamp:3)
  2 starspawn tentacles (Swamp:2)
46 creatures vanquished.

Grand Total: 918 creatures vanquished

Notes
Turn   | Place    | Note
-------+----------+-------------------------------------------
     0 | D:1      | Esekla the Demonspawn Warper began the quest for the Orb.
     0 | D:1      | Reached XP level 1. HP: 16/16 MP: 3/3
    36 | D:1      | Reached skill level 1 in Throwing
   279 | D:1      | Gained mutation: You sometimes gain a little power by
                  | taking damage. [demonic ancestry]
   279 | D:1      | Reached XP level 2. HP: 22/22 MP: 5/5
   680 | D:2      | Noticed Natasha
   865 | D:2      | Noticed Jessica
  1029 | D:2      | Killed Jessica
  1030 | D:2      | Reached skill level 1 in Armour
  1030 | D:2      | Reached skill level 1 in Necromancy
  1030 | D:2      | Gained mutation: You sometimes gain power by taking damage.
                  | [demonic ancestry]
  1030 | D:2      | Reached XP level 3. HP: 23/28 MP: 6/6
  1187 | D:1      | Learned a level 3 spell: Vampiric Draining
  1287 | D:2      | Learned a level 2 spell: Blink
  1312 | D:2      | Reached XP level 4. HP: 29/34 MP: 7/7
  1332 | D:2      | Killed Natasha
  1427 | D:2      | Noticed Natasha
  1863 | D:2      | Reached XP level 5. HP: 39/39 MP: 8/8
  2152 | D:3      | Found an ornate altar of the Wu Jian Council.
  2307 | D:3      | Identified the +1 hat of Vugrer {rPois rF+ rN++ Str-2}
  2387 | D:3      | Found a faded altar of an unknown god.
  2413 | D:3      | Prayed at the altar of an unknown god.
  2413 | D:3      | Became a worshipper of Lugonu the Unformed
  2413 | D:3      | Reached * piety under Lugonu
  2694 | D:4      | Found Misit's Distillery.
  2737 | D:4      | Bought a potion of degeneration for 12 gold pieces
  2737 | D:4      | Bought a potion of lignification for 36 gold pieces
  2813 | D:4      | Noticed Sigmund
  2822 | D:4      | Gained mutation: You have a pair of small horns on your
                  | head. [potion of mutation]
  2822 | D:4      | Gained mutation: Your flesh is cold resistant. (rC+)
                  | [potion of mutation]
  2822 | D:4      | Gained mutation: Your mind is acute. (Int +4, Str/Dex -1)
                  | [potion of mutation]
  2888 | D:4      | Killed Sigmund
  2889 | D:4      | Reached skill level 1 in Short Blades
  2889 | D:4      | Reached skill level 2 in Necromancy
  2889 | D:4      | Gained mutation: Spells you cast may paralyse adjacent
                  | enemies. [demonic ancestry]
  2889 | D:4      | Reached XP level 6. HP: 41/46 MP: 8/10
  2991 | D:4      | Found a basalt altar of Yredelemnul.
  2997 | D:4      | Found a broken altar of Ashenzari.
  3063 | D:4      | Found a glowing drain.
  3082 | Sewer    | Entered a sewer
  3292 | Sewer    | Reached ** piety under Lugonu
  3859 | D:1      | Killed Natasha
  3915 | D:1      | Noticed Natasha
  3991 | D:1      | Killed Natasha
  4465 | D:5      | Entered Level 5 of the Dungeon
  4542 | D:5      | Noticed Duvessa
  4542 | D:5      | Noticed Dowan
  4556 | D:5      | Killed Dowan
  4556 | D:5      | Killed Duvessa
  4557 | D:5      | Reached skill level 1 in Invocations
  4557 | D:5      | Reached XP level 7. HP: 42/52 MP: 4/11
  4586 | D:5      | Found a shadowy altar of Dithmenos.
  4620 | D:5      | Noticed Blork the orc
  4631 | D:5      | Reached skill level 1 in Stealth
  4631 | D:5      | Killed Blork the orc
  4632 | D:5      | Reached skill level 3 in Necromancy
  4735 | D:5      | Noticed Menkaure
  4990 | D:5      | Killed Menkaure
  4991 | D:5      | Gained mutation: You are partially covered in yellow
                  | scales. (AC +2) [demonic ancestry]
  4991 | D:5      | Reached XP level 8. HP: 60/60 MP: 9/13
  5093 | D:5      | Found an iron altar of Okawaru.
  5262 | D:6      | Noticed Nick1's ghost (novice FoFi)
  5263 | D:6      | Found a transporter.
  5265 | D:6      | Identified the +9 giant club of Animal Spirits {heavy, rN+
                  | Int+5 Dex+2}
  5375 | D:6      | Found a transporter.
  5447 | D:5      | Learned a level 2 spell: Mercury Vapours
  5451 | D:5      | Learned a level 3 spell: Mephitic Cloud
  5456 | D:5      | Learned a level 4 spell: Dispel Undead
  5552 | D:6      | Noticed Jeremiah
  5564 | D:5      | Reached skill level 4 in Necromancy
  5690 | D:6      | Found a staircase to the Ecumenical Temple.
  5690 | D:6      | Noticed Maggie
  5744 | D:6      | Killed Maggie
  5745 | D:6      | Reached skill level 1 in Conjurations
  5745 | D:6      | Reached skill level 1 in Alchemy
  6138 | D:6      | Reached skill level 5 in Spellcasting
  6160 | D:6      | Identified the +1 ring mail "Goteuhad" {rN+ Str+5}
  6234 | D:6      | Reached skill level 1 in Air Magic
  6496 | D:7      | Reached XP level 9. HP: 66/66 MP: 8/16
  6544 | D:7      | Found a sand-covered staircase.
  6553 | Ossuary  | Entered an ossuary
  6573 | Ossuary  | Reached *** piety under Lugonu
  6778 | Ossuary  | Reached **** piety under Lugonu
  6866 | D:7      | Found a flagged portal.
  6890 | Bailey   | Entered a bailey
  6956 | Bailey   | Reached skill level 5 in Invocations
  7066 | Bailey   | Reached skill level 5 in Fighting
  7069 | Bailey   | Reached skill level 5 in Necromancy
  7165 | Bailey   | Noticed a vault guard
  7180 | Bailey   | Killed a vault guard
  7181 | Bailey   | Reached XP level 10. HP: 64/74 MP: 10/18
  7313 | Bailey   | Noticed Prince Ribbit
  7313 | Bailey   | Noticed a vault guard
  7320 | Bailey   | Killed Prince Ribbit
  7339 | Bailey   | Killed a vault guard
  7477 | Bailey   | Learned a level 4 spell: Vhi's Electric Charge
  7677 | D:6      | Killed Jeremiah
  7678 | D:6      | Reached skill level 6 in Necromancy
  8461 | D:7      | Found a sparkling altar of Nemelex Xobeh.
  8515 | D:7      | Reached skill level 1 in Ice Magic
  8761 | D:8      | Found a radiant altar of Vehumet.
  8761 | D:8      | Found a sacrificial altar of Ru.
  8774 | D:8      | Found a blossoming altar of Fedhas.
  8776 | D:8      | Found a hide-covered altar of Uskayaw.
  8836 | D:8      | Found a staircase to the Lair.
  8903 | D:8      | Reached ***** piety under Lugonu
  9327 | D:8      | Noticed a purple ugly thing
  9353 | D:8      | Killed a purple ugly thing
  9788 | D:8      | Found a shimmering blue altar of Sif Muna.
  9882 | D:8      | Gained mutation: Spells you cast may paralyse nearby
                  | enemies. [demonic ancestry]
  9882 | D:8      | Reached XP level 11. HP: 68/81 MP: 20/20
 10089 | D:8      | Learned a level 5 spell: Freezing Cloud
 10135 | Lair:1   | Entered Level 1 of the Lair of Beasts
 10904 | Lair:1   | Found a runed translucent door.
 10905 | Lair:1   | Noticed Jingleheimer's ghost (journeyman OpSh)
 11041 | Lair:2   | You fall into a shaft and drop 1 floor!
 11041 | Lair:3   | Noticed a bog body
 11041 | Lair:3   | Found a staircase to the Swamp.
 11055 | Lair:3   | Killed a bog body
 11056 | Lair:3   | Reached skill level 7 in Necromancy
 11080 | Lair:3   | Noticed Fuxod's ghost (journeyman GnWn)
 11094 | Lair:3   | Noticed an eight-headed hydra
 11708 | Lair:2   | Reached skill level 5 in Stealth
 12551 | Lair:3   | Noticed a death yak
 12576 | Lair:3   | Killed a death yak
 12602 | Lair:3   | Noticed a death yak
 12602 | Lair:3   | Noticed a death yak
 12602 | Lair:3   | Noticed a death yak
 12618 | Lair:3   | Noticed a death yak
 12622 | Lair:3   | Noticed a death yak
 12634 | Lair:2   | Killed a death yak
 12647 | Lair:2   | Killed a death yak
 12780 | Lair:2   | Killed a death yak
 12805 | Lair:2   | Killed a death yak
 12806 | Lair:2   | Reached skill level 8 in Necromancy
 12806 | Lair:2   | Gained mutation: You are powered by pain. [demonic
                  | ancestry]
 12806 | Lair:2   | Reached XP level 12. HP: 78/89 MP: 11/23
 12893 | Lair:3   | Killed a death yak
 12894 | Lair:3   | Reached skill level 5 in Conjurations
 13051 | Lair:3   | Found a staircase to the Snake Pit.
 13483 | Lair:3   | Found a transporter.
 13487 | Lair:3   | Found a transporter.
 14316 | Lair:4   | Noticed a four-headed hydra
 14336 | Lair:4   | Killed a four-headed hydra
 14337 | Lair:4   | Reached skill level 9 in Necromancy
 14894 | Lair:4   | Noticed a six-headed hydra
 14903 | Lair:4   | Killed a six-headed hydra
 16009 | Lair:5   | Entered Level 5 of the Lair of Beasts
 16102 | Lair:5   | Noticed a six-headed hydra
 16109 | Lair:5   | Reached XP level 13. HP: 95/96 MP: 22/26
 16115 | Lair:5   | Reached skill level 5 in Dodging
 16254 | Lair:5   | Reached skill level 5 in Ice Magic
 16266 | Lair:5   | Reached skill level 10 in Necromancy
 16332 | Lair:5   | Identified the +0 cloak of Kiata {Rampage rC+ Str+4}
 16335 | Lair:5   | Reached ****** piety under Lugonu
 16695 | Lair:5   | Found a staircase to the Slime Pits.
 16972 | Lair:5   | Learned a level 5 spell: Irradiate
 17022 | Lair:5   | Reached skill level 5 in Air Magic
 17507 | Lair:5   | Reached skill level 10 in Spellcasting
 18048 | D:9      | Found a transporter.
 18275 | D:9      | Found a transporter.
 18280 | D:9      | Found a bloodstained altar of Trog.
 18280 | D:9      | Found the +10 morningstar "Eos" {elec, Halo rElec}
 18281 | D:9      | Noticed Akhenaten's ghost (novice DgFE)
 18499 | D:10     | Entered Level 10 of the Dungeon
 18589 | D:10     | Noticed Snorg
 18595 | D:10     | Killed Snorg
 18931 | D:10     | Reached skill level 5 in Short Blades
 19177 | D:11     | Found a stormy altar of Qazlal.
 19225 | D:11     | Gained mutation: You have sharp fingernails. [demonic
                  | ancestry]
 19225 | D:11     | Reached XP level 14. HP: 105/105 MP: 28/28
 19361 | D:11     | Found a staircase to the Orcish Mines.
 19588 | D:11     | Found a gate leading to a gauntlet.
 19599 | Gauntlet | Entered a Gauntlet
 19599 | Gauntlet | Found a transporter.
 19607 | Gauntlet | Found a transporter.
 19609 | Gauntlet | Found a transporter.
 19620 | Gauntlet | Found a transporter.
 19637 | Gauntlet | Found a transporter.
 19643 | Gauntlet | Found a transporter.
 19658 | Gauntlet | Found a transporter.
 19677 | Gauntlet | Found a transporter.
 19689 | Gauntlet | Found a transporter.
 19699 | Gauntlet | Noticed a reaper
 19701 | Gauntlet | Found a transporter.
 19705 | Gauntlet | Found the +8 pair of quick blades "Gyre" and "Gimble"
                  | {protect}
 19713 | Gauntlet | Found a transporter.
 19725 | Gauntlet | Found a transporter.
 19742 | Gauntlet | Found a transporter.
 19759 | Gauntlet | Found a transporter.
 19761 | Gauntlet | Found a transporter.
 19788 | Gauntlet | Found a transporter.
 19810 | Gauntlet | Found a transporter.
 19814 | Gauntlet | Found a transporter.
 19979 | Gauntlet | Reached skill level 5 in Alchemy
 20243 | Gauntlet | Identified the amulet "Ozemaf" {RegenMP ^Fragile rF+
                  | Stlth+}
 20281 | Gauntlet | Identified the ring of the Coward {EV+5 Str+3}
 20356 | Gauntlet | Identified the amulet of Jextaum {rElec rC+ Regen+}
 20362 | Gauntlet | Identified the +0 robe of Foih {rCorr Dex+2}
 20429 | Gauntlet | Corrupted Gauntlet
 20429 | Gauntlet | Noticed a cyan very ugly thing
 20429 | Gauntlet | Noticed a balrug
 20475 | Gauntlet | Noticed a tentacled starspawn
 20702 | Gauntlet | Identified the ring "Giplyl" {rC+ Int+2 Dex+3}
 20904 | Gauntlet | Identified the ring "Tuzeluik" {^Drain AC+4 Int+4}
 21150 | Gauntlet | Identified the ring of the Turtledove {rF+ Will+ Str+2
                  | Int-5}
 21347 | Gauntlet | Killed a reaper
 21348 | Gauntlet | Reached skill level 11 in Necromancy
 21357 | Gauntlet | Identified the ring "Hinlanul" {rC+ rCorr Dex+3}
 21423 | D:11     | Found a runed translucent gate.
 21425 | D:11     | Found a runed translucent gate.
 21425 | D:11     | Found a runed translucent gate.
 21426 | D:11     | Noticed TheBioAlchemist's ghost (journeyman OpSh)
 21773 | D:11     | Identified the +0 chain mail of Rutsulo {Int+3}
 21816 | Orc:1    | Entered Level 1 of the Orcish Mines
 22107 | Orc:2    | Entered Level 2 of the Orcish Mines
 22113 | Orc:2    | Found a burning altar of Makhleb.
 22126 | Orc:2    | Found Ufimp's Jewellery Shoppe.
 22199 | Orc:2    | Found a staircase to the Elven Halls.
 22517 | Orc:2    | Found Uschofuad's Magic Scroll Shoppe.
 22602 | Orc:2    | Found Votiemuff's Magic Scroll Emporium.
 22603 | Orc:2    | Found Jobo's General Store.
 22730 | Orc:2    | Found Litoclesu's Magic Scroll Shoppe.
 22765 | Orc:2    | Noticed an orc warlord
 22782 | Orc:2    | Killed an orc warlord
 23402 | Orc:2    | Paralysed by an orc sorcerer for 2 turns
 23601 | Orc:2    | Found Utwoem's Antique Armour Boutique.
 23601 | Orc:2    | Found Uzutt's Jewellery Shop.
 23602 | Orc:2    | Found a one-way gate leading to the halls of Pandemonium.
 23655 | Orc:2    | Bought a glowing robe for 111 gold pieces
 23712 | Orc:2    | Bought a scroll of identify for 26 gold pieces
 23712 | Orc:2    | Bought a scroll of identify for 26 gold pieces
 23712 | Orc:2    | Bought a scroll of identify for 26 gold pieces
 23781 | Orc:2    | Bought a scroll of identify for 34 gold pieces
 24103 | D:12     | Gained mutation: You are mostly covered in yellow scales.
                  | (AC +3) [demonic ancestry]
 24103 | D:12     | Reached XP level 15. HP: 112/112 MP: 29/29
 24190 | D:12     | Noticed Lodul
 24198 | D:12     | Killed Lodul
 24506 | D:13     | Noticed Urug
 24513 | D:13     | Killed Urug
 24717 | D:13     | Noticed Sonja
 24728 | D:13     | Killed Sonja
 25057 | D:13     | Identified the +1 quarterstaff of Duty {flame, rPois Str+3
                  | Stlth+}
 25657 | D:14     | Found Danelaoh's Antique Weapon Shop.
 25685 | D:14     | Found Wophycza's Blood Bar.
 25710 | D:14     | Bought the Parchment of Lamentation for 532 gold pieces
 25714 | D:14     | Learned a level 3 spell: Fugue of the Fallen
 26138 | D:14     | Found a gate to the Vaults.
 26146 | D:14     | Identified the +6 chain mail of the Trees {rElec}
 26698 | D:15     | Entered Level 15 of the Dungeon
 26731 | D:15     | Found a staircase to the Depths.
 26937 | D:15     | Reached skill level 5 in Armour
 26957 | D:15     | Noticed a sphinx
 26968 | D:15     | Reached skill level 10 in Invocations
 27046 | D:15     | Paralysed by a sphinx for 3 turns
 27052 | D:15     | Killed a sphinx
 27124 | D:15     | Found Huanif's Antique Armour Emporium.
 27127 | D:15     | Bought a pair of embroidered gloves for 195 gold pieces
 27127 | D:15     | Bought a pair of glowing gloves for 195 gold pieces
 27132 | D:15     | Bought an embroidered cloak for 195 gold pieces
 27750 | D:15     | Reached skill level 12 in Necromancy
 28189 | Orc:2    | Bought a scroll of enchant weapon for 127 gold pieces
 28398 | Swamp:1  | Entered Level 1 of the Swamp
 28776 | Swamp:1  | Noticed a thorn hunter
 28789 | Swamp:1  | Killed a thorn hunter
 28959 | Swamp:1  | Noticed a fenstrider witch
 28967 | Swamp:1  | Killed a fenstrider witch
 28968 | Swamp:1  | Reached XP level 16. HP: 110/120 MP: 31/31
 30040 | Swamp:3  | Noticed Jorgrun
 30219 | Swamp:3  | Noticed Mlioglotl
 30236 | Swamp:2  | Killed Jorgrun
 30635 | Swamp:3  | Noticed a lich
 30639 | Swamp:2  | Noticed a tentacled starspawn
 30647 | Swamp:2  | Killed Mlioglotl
 30743 | Swamp:3  | HP: 3/122 [tyrant leech (19)]
 30982 | Swamp:3  | Reached skill level 10 in Fighting
 31591 | Swamp:4  | Entered Level 4 of the Swamp
 31783 | Swamp:4  | Paralysed by a fenstrider witch for 5 turns
 31788 | Swamp:4  | Slain by an alligator

Illustrated notes

Levels and vault maps discovered:
D:1:      dpeg_arrival_simpleton_c, layout_basic
D:2:      layout_rooms, serial_glass, glass_columns_b, glass_columns_a,
          glass_columns_c, glass_columns_a, glass_columns_a, glass_columns_c,
          minmay_pentomino_pile, uniq_natasha, uniq_jessica
D:3:      layout_basic, mainiacjoe_overflow_paths, basic_ecumenical_altar
D:4:      layout_loops_ring, jmf_multi_god_temple,
          cheibrodos_sewer_entry_sluice, serial_shops, shop, uniq_sigmund
D:5:      layout_cave_pools, mainiacjoe_overflow_alcove_2,
          mainiacjoe_overflow_catwalk, uniq_blork_the_orc, uniq_duvessa,
          uniq_menkaure
D:6:      layout_layer_cave, minmay_temple_entry_statues, gammafunk_ghost_smash,
          uniq_jeremiah, uniq_maggie
D:7:      layout_loops_ring, lemuel_round_altar, nicolae_ossuary_entry_plus,
          enter_bailey_5, serial_bayou_pond_c, st_stairs_4
D:8:      layout_loops_corners, general_overflow_altar,
          nicolae_overflow_macrodata_refinement, hellmonk_lair_entry_icy,
          grunt_ministairs_12, nicolae_looking_at_the_future
D:9:      layout_rooms, gammafunk_ghost_wrathful_warriors, minmay_misc_feat_tiny
D:10:     layout_loops_cross, serial_library_hellmonk_layered_room, uniq_snorg
D:11:     layout_loops_ring, zombieorc2_lemuel, gauntlet_entry_generic,
          biasface_ghost_orc_armoury, grunt_qazlal_sundering
D:12:     layout_rooms, minmay_more_statues, uniq_lodul
D:13:     layout_gridville, uniq_urug, uniq_sonja
D:14:     layout_irregular_city, grunt_vaults_entry_fortified, serial_shops,
          shop, nicolae_water_bricks, serial_library_hellmonk_u_bend,
          serial_bayou_pond_c, guppyfry_shop_blood
D:15:     hangedman_depths_entry_civil_slaughter, layout_layer_cave,
          serial_bayou_pond_e, serial_shops, nicolae_shop_real_fake_doors,
          minivault_10, kennysheep_four_rooms
Lair:1:   layout_chaotic_city, ebering_ghost_inner_flame, grunt_megastairs_2
Lair:2:   layout_layer_cave
Lair:3:   layout_roguey, skrybe_swamp_entry_bodies, dummy_snake_entry,
          nzn_ghost_randoct, lemuel_fruit_tree
Lair:4:   layout_layer_cave, dreamdust_gnoll_shepherd, grunt_megastairs_4
Lair:5:   grunt_lair_end_beastmaster, layout_gridlike,
          dpeg_slime_entry_enclosed, lightli_volcano_entry_magma_tube,
          grunt_forest_stairs_basic, chequers_serial_rivers_room_b,
          chequers_serial_rivers_micro_e, hangedman_lair_generics_rect
Swamp:1:  layout_basic_swamp, hangedman_swamp_ruin_hall, swamp_pool_1_2
Swamp:2:  layout_basic_swamp, nicolae_swamp_orc_logging_accident
Swamp:3:  layout_basic_swamp, evilmike_swamp_ruin_house_1, grunt_witch_cave,
          uniq_jorgrun, uniq_mlioglotl
Swamp:4:  swamp_old_school, layout_basic_swamp
Orc:1:    minmay_goldmine, layout_caves
Orc:2:    pf_orc_diabolical, layout_caves, basic_altar, serial_shops, shop,
          nicolae_shop_rolled_up, nicolae_diamond_shop, kennysheep_orc_chapel

Skill      XL: |  1  2  3  4  5  6  7  8  9 10 11 12 13 14 15 16 |
---------------+-------------------------------------------------+-----
Throwing       | 1 2 |  2.2
Translocations | 3 |  3.5
Armour         | 1 2 3 4 5 |  5.2
Dodging        | 2 3 4 5 6 |  6.0
Necromancy     | 1 2 3 4 5 6 8 9 10 11 12 | 12.6
Long Blades    | 2 3 4 |  4.9
Short Blades   | 1 2 3 4 5 7 8 |  8.0
Fighting       | 3 4 5 6 7 8 9 10 | 10.0
Spellcasting   | 3 5 6 7 9 10 11 | 11.8
Invocations    | 1 2 3 6 7 8 9 10 | 10.0
Stealth        | 1 2 3 5 6 7 8 9 |  9.6
Conjurations   | 1 2 3 4 6 |  6.8
Alchemy        | 1 2 3 4 6 7 |  7.2
Air Magic      | 1 2 3 4 5 6 7 |  7.8
Ice Magic      | 2 3 4 5 6 7 8 |  8.1
Evocations     | |  0.4

Action                     |  1- 3 |  4- 6 |  7- 9 | 10-12 | 13-15 | 16-18 || total
---------------------------+-------+-------+-------+-------+-------+-------++-------
  Melee: Falchion          |    16 |       |    27 |       |       |       ||    43
         Dagger            |    62 |   292 |   147 |   373 |   270 |       ||  1144
         Unarmed           |       |     9 |       |       |     1 |       ||    10
         Headbutt          |       |    31 |    59 |   128 |   778 |   157 ||  1153
         Punch             |       |     2 |     3 |    10 |    10 |       ||    25
         Long sword        |       |       |   102 |   137 |   133 |       ||   372
         Pair of quick bla |       |       |       |       |  2044 |   549 ||  2593
         Great sword       |       |       |       |       |       |     2 ||     2
  Throw: Dart              |     7 |     1 |     2 |    28 |     2 |       ||    40
         Javelin           |       |       |     7 |       |       |       ||     7
         Boomerang         |       |       |       |    10 |     6 |    10 ||    26
   Cast: Blink             |       |     3 |     4 |     6 |    11 |     3 ||    27
         Vampiric Draining |       |     2 |    21 |   101 |    71 |    15 ||   210
         Mephitic Cloud    |       |       |     6 |    25 |    52 |     5 ||    88
         Dispel Undead     |       |       |     2 |     6 |    16 |     1 ||    25
         Freezing Cloud    |       |       |       |     1 |    13 |    11 ||    25
         Irradiate         |       |       |       |       |    13 |     5 ||    18
         Fugue of the Fall |       |       |       |       |     1 |     2 ||     3
 Invoke: Corrupt           |       |       |       |       |     1 |       ||     1
  Evoke: Wand              |       |       |     3 |     4 |     1 |       ||     8
    Use: Scroll            |       |     6 |     3 |     7 |    23 |     1 ||    40
         Potion            |       |     3 |     2 |       |     6 |     3 ||    14
   Stab: Paralysed         |       |     1 |    10 |    34 |    71 |     4 ||   120
         Sleeping          |       |     1 |     1 |    12 |    33 |     3 ||    50
         Confused          |       |       |     7 |    20 |    79 |     4 ||   110
         Petrified         |       |       |       |       |     3 |       ||     3
         Distracted        |       |       |       |       |     1 |     1 ||     2
 Armour: Leather armour    |    36 |    50 |       |       |       |       ||    86
         Skin              |       |    12 |       |       |       |       ||    12
         Robe              |       |    86 |   156 |   388 |   153 |       ||   783
         Troll leather arm |       |       |       |       |   628 |   244 ||   872
  Dodge: Dodged            |    34 |   143 |   208 |   287 |   682 |   113 ||  1467
  Block: Other             |       |       |       |       |     1 |       ||     1
